[Event "Titled Tuesday Blitz May 10 Late 2022"]
[White "Boidiya, Sidi"]
[Black "Akrakan"]
[WhiteFideId "19600100"]
[WhiteElo "2113"]
[BlackElo "2122"]
[Result "1-0"]
[Round "03"]
[TimeControl "180+1"]
[Date "2022.05.11"]
[WhiteClock "0:00:39"]
[BlackClock "0:00:17"]

1. e4 c5 2. Nc3 Nc6 3. g3 Nf6 4. Bg2 e6 5. Nge2 Be7 6. d3 O-O 7. Be3 d5 8. exd5 exd5 9. d4 Re8 10. O-O cxd4 11. Nxd4 Be6 12. Re1 Qd7 13. a3 Rad8 14. Qd3 Ne5 15. Qf1 Nc4 16. Bc1 Bc5 17. Nce2 h6 18. c3 Bg4 19. b3 Ne5 20. Be3 Ne4 21. f3 Nd3 22. fxe4 Nxe1 23. Rxe1 dxe4 24. Nf4 Bxa3 25. b4 a5 26. bxa5 Bb2 27. Nb5 Qc6 28. c4 Be5 29. h3 Bc8 30. Bb6 Rd2 31. Re2 Bxf4 32. gxf4 Rxe2 33. Qxe2 Be6 34. Qxe4 Qxc4 35. Qxc4 Bxc4 36. Nd6 Re6 37. Nxc4 Re2 38. Bxb7 1-0


[Site "https://www.chess.com"]

[Event "Titled Tuesday Blitz May 10 Late 2022"]
[White "Bongo Akanga Ndjila, Barthelemy"]
[Black "Miszler, Levente"]
[WhiteFideId "10609431"]
[BlackFideId "763276"]
[WhiteElo "1768"]
[BlackElo "1966"]
[Result "1/2-1/2"]
[Round "03"]
[TimeControl "180+1"]
[Date "2022.05.11"]
[WhiteClock "0:00:17"]
[BlackClock "0:00:06"]

1. d4 e6 2. c4 Nf6 3. Nc3 d5 4. cxd5 exd5 5. Bg5 c6 6. e3 h6 7. Bh4 Bd6 8. Qc2 Be6 9. Bd3 Nbd7 10. Nge2 Qc7 11. Bg3 O-O 12. Bxd6 Qxd6 13. O-O c5 14. Nb5 Qb6 15. dxc5 Nxc5 16. Nbd4 Nfe4 17. Rab1 Rac8 18. b4 Nd7 19. Qb2 Ndf6 20. a4 a5 21. Nb5 axb4 22. Qxb4 Rfd8 23. Ned4 Nd7 24. h3 Ne5 25. Rfd1 Nc5 26. Bf5 Bxf5 27. Nxf5 Qf6 28. Nbd4 Nc4 29. a5 Kh7 30. Ng3 g6 31. Nb3 Nxb3 32. Rxb3 Qe5 33. Qxb7 Rb8 34. Qxf7+ Qg7 35. Qxg7+ Kxg7 36. Rxb8 Rxb8 37. Rxd5 Ra8 38. Rc5 Nxa5 39. Ne4 Ra7 40. Kh2 Nb3 41. Rc6 Re7 42. Nc5 Nd2 43. Ne6+ Kf7 44. Nd4 Ne4 45. f3 Nf6 46. Nc2 Kg7 47. e4 Nd7 48. Ne3 Ne5 49. Ra6 Rf7 50. Nd5 Nd3 51. Rb6 Nc5 52. Kg3 Nd7 53. Ra6 Ne5 54. Rb6 Nd7 55. Rc6 Ne5 56. Rc7 Nd7 57. Ra7 Kg8 58. Ra8+ Kg7 59. Ra7 Kf8 60. Ne3 Ke8 61. Ng4 h5 62. Ne3 Rf6 63. Nd5 Rd6 64. Ra8+ Kf7 65. Ra7 Ke8 66. Ra8+ Kf7 67. Ra7 Ke8 1/2-1/2


[Site "https://www.chess.com"]

[Event "Titled Tuesday Blitz May 10 Late 2022"]
[White "Bortnyk, Olexandr"]
[Black "Rosen, Eric"]
[WhiteFideId "14120828"]
[BlackFideId "2032562"]
[WhiteElo "2723"]
[BlackElo "2362"]
[Result "1-0"]
[Round "03"]
[TimeControl "180+1"]
[Date "2022.05.10"]
[WhiteClock "0:01:57"]
[BlackClock "0:00:01"]

1. d4 d5 2. Nc3 Nf6 3. Bf4 c5 4. e4 Nxe4 5. Nxe4 dxe4 6. dxc5 Qa5+ 7. Qd2 Qxd2+ 8. Kxd2 Nc6 9. Re1 Bf5 10. f3 O-O-O+ 11. Kc1 e5 12. Bg5 f6 13. fxe4 Bxe4 14. Rxe4 fxg5 15. b4 a5 16. c3 axb4 17. cxb4 Rd4 18. Rxd4 exd4 19. a3 b6 20. cxb6 Kb7 21. Nf3 g4 22. Nd2 Kxb6 23. Nc4+ Kc7 24. Be2 h5 25. Rf1 Be7 26. Rf7 Rf8 27. Rxg7 Rf2 28. Bd3 Kd8 29. b5 Nb8 30. b6 Bf8 31. Ra7 Nc6 32. Ra8+ Kd7 33. b7 Bd6 34. Nxd6 Kxd6 35. Rc8 Nb8 36. Rxb8 Kc7 37. Rh8 Kxb7 38. Rxh5 Kb6 39. Rb5+ Kc6 40. Rb2 Rf1+ 41. Bxf1 1-0


[Site "https://www.chess.com"]

[Event "Titled Tuesday Blitz May 10 Late 2022"]
[White "Burke, Paul"]
[Black "Peralta, Eduardo"]
[WhiteFideId "2605767"]
[BlackFideId "3700062"]
[WhiteElo "1900"]
[BlackElo "2125"]
[Result "0-1"]
[Round "03"]
[TimeControl "180+1"]
[Date "2022.05.11"]
[WhiteClock "0:00:06"]
[BlackClock "0:00:15"]

1. e4 c5 2. d4 cxd4 3. c3 d3 4. Bxd3 Nc6 5. Nf3 g6 6. Bc4 Bg7 7. Bg5 d6 8. Qb3 Na5 9. Bxf7+ Kf8 10. Qd5 Nf6 11. Bxf6 Bxf6 12. e5 Bg7 13. exd6 exd6 14. O-O Nc6 15. Ng5 Bf6 16. Ne6+ Bxe6 17. Bxe6 Kg7 18. Nd2 Ne7 19. Qb3 Qc7 20. Nf3 Rhf8 21. Nd4 Bxd4 22. cxd4 Rf6 23. d5 Qb6 24. Qxb6 axb6 25. Rac1 Rxa2 26. Rc7 Kf8 27. Rxb7 Rxb2 28. Rb8+ Kg7 29. Rb7 Kf8 30. Rb8+ Kg7 31. Rb7 Rxe6 32. dxe6 Kf6 33. Re1 b5 34. h3 d5 35. Rd1 Kxe6 36. Re1+ Kd6 37. Rexe7 b4 38. Rxh7 b3 39. Rh6 Kc6 40. Rb8 Rb1+ 41. Kh2 b2 42. Rxg6+ Kc5 43. Rg5 Kc4 44. Rc8+ Kd4 45. Rb8 Kc4 46. Rgg8 d4 47. Rgc8+ Kd3 48. h4 Kd2 49. h5 d3 50. h6 Rc1 0-1


[Site "https://www.chess.com"]

[Event "Titled Tuesday Blitz May 10 Late 2022"]
[White "Butti, Enrique"]
[Black "Sernecki, Franciszek"]
[WhiteFideId "3700470"]
[BlackFideId "1169297"]
[WhiteElo "2080"]
[BlackElo "2189"]
[Result "0-1"]
[Round "03"]
[TimeControl "180+1"]
[Date "2022.05.11"]
[WhiteClock "0:02:17"]
[BlackClock "0:01:42"]

1. d4 e6 2. Nf3 Nf6 3. e3 d5 4. Bd3 c5 5. b3 Nc6 6. O-O b6 7. a3 Bb7 8. Bb2 Rc8 9. Nbd2 Bd6 10. Ne5 O-O 11. f4 Ne7 12. Qf3 Qc7 13. Rac1 c4 0-1


[Site "https://www.chess.com"]

[Event "Titled Tuesday Blitz May 10 Late 2022"]
[White "Can, Melih Kaan"]
[Black "Dubov, Daniil"]
[WhiteFideId "6317383"]
[BlackFideId "24126055"]
[WhiteElo "2049"]
[BlackElo "2791"]
[Result "0-1"]
[Round "03"]
[TimeControl "180+1"]
[Date "2022.05.10"]
[WhiteClock "0:00:03"]
[BlackClock "0:00:42"]

1. d4 Nf6 2. c4 g6 3. Nc3 Bg7 4. e4 O-O 5. Nf3 d6 6. Be2 e5 7. O-O exd4 8. Nxd4 Re8 9. Bf3 Nbd7 10. Re1 a5 11. b3 Nc5 12. Bb2 a4 13. Rb1 axb3 14. axb3 c6 15. Qc2 Ng4 16. Bxg4 Bxg4 17. Nde2 Qg5 18. Ng3 h5 19. Bc1 Qf6 20. Bb2 Qg5 21. Bc1 Qe7 22. f3 Bd7 23. Bb2 h4 24. Nf1 h3 25. g3 Ne6 26. Ne2 Ra2 27. Qc1 Ng5 28. Nd2 Rxb2 29. Rxb2 Qf6 30. f4 Qxb2 31. Qxb2 Bxb2 32. fxg5 Ba3 33. Nf4 Bb4 34. Re2 Bg4 35. Rf2 Bc5 36. Kf1 Ra8 37. Re2 Ra2 38. Nb1 Bxe2+ 39. Nxe2 Rb2 40. Nbc3 Rxb3 41. e5 dxe5 42. Ne4 Rb1+ 0-1


[Site "https://www.chess.com"]

[Event "Titled Tuesday Blitz May 10 Late 2022"]
[White "Castellanos Hernandez, Emilio Au"]
[Black "Malka, Samuel"]
[WhiteFideId "5114179"]
[BlackFideId "20643675"]
[WhiteElo "2021"]
[BlackElo "2557"]
[Result "0-1"]
[Round "03"]
[TimeControl "180+1"]
[Date "2022.05.11"]
[WhiteClock "0:00:48"]
[BlackClock "0:00:12"]

1. Nf3 Nf6 2. g3 g6 3. Bg2 Bg7 4. O-O O-O 5. c4 c5 6. Nc3 Nc6 7. e3 d5 8. b3 dxc4 9. bxc4 Be6 10. d3 Qd7 11. Qe2 Rfd8 12. Rd1 Rac8 13. Rb1 b6 14. a3 Ng4 15. Bb2 Nge5 16. Nxe5 Nxe5 17. Nd5 Bg4 18. f3 Be6 19. Nf4 g5 20. Nxe6 Qxe6 21. f4 Ng4 22. Bh3 Qxe3+ 23. Qxe3 Nxe3 24. Re1 g4 25. Rxe3 gxh3 26. Bxg7 Kxg7 27. Kf2 e6 28. g4 Rd4 29. Kg3 Rcd8 30. Rb3 h5 31. gxh5 Kh6 32. Rf3 Kxh5 33. Kxh3 Rg8 34. Rg3 Rg6 35. Rxg6 Kxg6 36. Kg3 Kf5 37. a4 Rxf4 38. a5 Rd4 39. axb6 axb6 40. h4 Kg6 41. Kh3 Rd6 42. Kg4 Rd4+ 43. Kg3 Kh5 44. Rxb6 Rxd3+ 45. Kf4 Rd4+ 46. Ke5 Rxc4 47. Rc6 Kxh4 48. Kf6 Rf4+ 49. Ke5 Rf5+ 50. Ke4 Kg4 51. Rc8 Kg5 52. Rc6 Kf6 53. Rc7 Rd5 54. Rc8 Ke7 55. Ke3 f5 56. Rh8 Kf6 57. Rh6+ Ke5 58. Rh5 Rd6 59. Rh8 Ra6 60. Rc8 Ra3+ 61. Kd2 Ra5 62. Ke3 f4+ 63. Kf3 Ra3+ 64. Kf2 Rc3 65. Ke2 Ke4 66. Kd2 Rd3+ 67. Ke2 Rd5 68. Rf8 e5 69. Rf7 Rd4 70. Rf8 Rc4 71. Kd2 f3 72. Rf7 Ra4 73. Rc7 Ra2+ 74. Ke1 Ke3 0-1


[Site "https://www.chess.com"]

[Event "Titled Tuesday Blitz May 10 Late 2022"]
[White "Chen, Justin"]
[Black "Boruchovsky, Avital"]
[WhiteFideId "2098199"]
[BlackFideId "2800055"]
[WhiteElo "2490"]
[BlackElo "2469"]
[Result "0-1"]
[Round "03"]
[TimeControl "180+1"]
[Date "2022.05.11"]
[WhiteClock "0:00:01"]
[BlackClock "0:00:16"]

1. Nf3 c5 2. e3 Nc6 3. d4 e6 4. b3 Nf6 5. Bb2 a6 6. Nbd2 cxd4 7. Nxd4 b5 8. c4 Nxd4 9. Bxd4 bxc4 10. Bxc4 Bb7 11. O-O Be7 12. Rc1 O-O 13. Qe2 Qa5 14. Nf3 Rfc8 15. Bd3 Ba3 16. Rcd1 Bc5 17. Bxf6 gxf6 18. Nh4 Be7 19. Qg4+ Qg5 20. Qh3 f5 21. Nxf5 exf5 22. Bxf5 Kf8 23. Rxd7 Bc6 24. Rxe7 Kxe7 25. Bxc8 Rxc8 26. f4 Qg7 27. Rc1 Bd7 28. Qh4+ Qf6 29. Qxf6+ Kxf6 30. Rxc8 Bxc8 31. e4 Bb7 32. e5+ Kf5 33. g3 Ke4 34. Kf2 h5 35. Ke2 Bc6 36. Kf2 Bb5 37. a3 Bd3 38. Ke1 Ke3 39. b4 Bb5 0-1


[Site "https://www.chess.com"]

[Event "Titled Tuesday Blitz May 10 Late 2022"]
[White "Chyngyz, Sultai"]
[Black "Grave, Jacob Templen"]
[WhiteFideId "13803158"]
[BlackFideId "1542656"]
[WhiteElo "1365"]
[BlackElo "1737"]
[Result "0-1"]
[Round "03"]
[TimeControl "180+1"]
[Date "2022.05.11"]
[WhiteClock "0:00:33"]
[BlackClock "0:00:04"]

1. e4 g6 2. d4 Bg7 3. Nf3 c6 4. Bd3 d5 5. e5 Bg4 6. h3 Bxf3 7. Qxf3 c5 8. c3 Nc6 9. Be3 e6 10. O-O Nge7 11. Nd2 cxd4 12. cxd4 O-O 13. Rac1 f6 14. exf6 Bxf6 15. Qg4 Nf5 16. Bxf5 exf5 17. Qf4 Qb8 18. Qxb8 Raxb8 19. Nb3 Rfe8 20. Rfe1 Kf7 21. f3 Re7 22. Kf2 Rbe8 23. g3 g5 24. f4 gxf4 25. Bxf4 Nxd4 26. Nxd4 Bxd4+ 27. Kf1 Rxe1+ 28. Rxe1 Rxe1+ 29. Kxe1 Bxb2 30. Kd2 Ke6 31. Kc2 Be5 32. Be3 d4 33. Bf2 Kd5 34. Kd3 b5 35. Be1 Bd6 36. Ba5 Bxg3 37. Bd8 a6 38. Bf6 Be5 39. Bg5 f4 40. Bh4 f3 41. Bf2 a5 42. a3 Bd6 43. Bxd4 Bc5 44. Bc3 f2 45. Ke2 Bxa3 46. Bxa5 b4 47. Kxf2 b3 48. Bc3 Bc5+ 49. Kf3 Bd4 50. Ke2 Bxc3 51. Kd3 Be5 52. h4 h5 53. Kd2 Bf6 54. Kc1 Kc4 55. Kb1 Bxh4 56. Kb2 Bf6+ 57. Ka3 h4 58. Ka4 h3 59. Ka3 h2 60. Ka4 h1=Q 61. Ka5 Qa8+ 62. Kb6 b2 63. Kc7 b1=Q 64. Kd6 Qb6+ 65. Kd7 Qd5+ 66. Ke8 Qbd8# 0-1


[Site "https://www.chess.com"]

[Event "Titled Tuesday Blitz May 10 Late 2022"]
[White "Cilek, Bora"]
[Black "Souleidis, Georgios"]
[WhiteFideId "34502165"]
[BlackFideId "4206827"]
[WhiteElo "2433"]
[BlackElo "2401"]
[Result "1/2-1/2"]
[Round "03"]
[TimeControl "180+1"]
[Date "2022.05.11"]
[WhiteClock "0:00:08"]
[BlackClock "0:00:10"]

1. Nf3 Nf6 2. g3 g6 3. Bg2 Bg7 4. O-O O-O 5. d4 d6 6. c4 Nc6 7. Nc3 e5 8. dxe5 Nxe5 9. Nxe5 dxe5 10. Qxd8 Rxd8 11. Bg5 Rd7 12. Nd5 Nxd5 13. cxd5 h6 14. Be3 f5 15. Rac1 e4 16. Rc2 g5 17. Rfc1 Be5 18. f4 exf3 19. Bxf3 a5 20. h4 Rg7 21. hxg5 hxg5 22. Bf2 Ra6 23. b3 Rh6 24. Be1 b6 25. Bc3 Bxc3 26. Rxc3 Rhh7 27. d6 c5 28. Re3 Kf8 29. Bc6 Bd7 30. Bd5 f4 31. Rf1 Rh3 32. Kg2 Rgh7 33. Re7 Rxg3+ 34. Kf2 Rxe7 35. dxe7+ Kxe7 36. Rh1 Rh3 37. Rg1 Kf6 38. Bf3 Bf5 39. Rd1 g4 40. Bg2 Rh2 41. Rd6+ Ke7 42. Rxb6 Be4 43. Rb5 Rxg2+ 44. Kf1 f3 45. exf3 Bxf3 46. Rxc5 Rxa2 47. Rb5 Ke6 48. Rg5 Kf6 49. Rg8 Kf7 50. Rg5 Kf6 51. Rg8 Rb2 52. Ra8 g3 53. Rf8+ Ke5 54. Rxf3 g2+ 55. Kg1 Kd4 56. Rf5 Ra2 57. Rb5 Kc3 58. Rb6 Kd3 59. Rb5 Ke3 60. Re5+ Kf4 61. Rb5 Kg3 62. Rg5+ Kf4 63. Rg8 Kf3 64. Rf8+ Ke3 65. Re8+ Kd3 66. Rb8 Kc3 67. Rb5 Kc2 68. Kxg2 Kc3+ 69. Kf3 Ra3 70. Ke4 Rxb3 71. Rxa5 1/2-1/2


[Site "https://www.chess.com"]

[Event "Titled Tuesday Blitz May 10 Late 2022"]
[White "Curtis, John"]
[Black "Dimakiling, Oliver"]
[WhiteFideId "3200256"]
[BlackFideId "5202248"]
[WhiteElo "2203"]
[BlackElo "2426"]
[Result "0-1"]
[Round "03"]
[TimeControl "180+1"]
[Date "2022.05.10"]
[WhiteClock "0:00:01"]
[BlackClock "0:00:31"]

1. e4 g6 2. d4 Bg7 3. Nf3 d6 4. Be2 Nf6 5. Nc3 O-O 6. O-O c6 7. a4 a5 8. h3 Na6 9. Re1 Qc7 10. Bg5 e5 11. dxe5 dxe5 12. Bxa6 Rxa6 13. Qc1 Re8 14. Bh6 Bh8 15. Rd1 Rb6 16. b3 Rb4 17. Qe3 Nh5 18. Na2 Rb6 19. Qc5 Ra6 20. Qd6 Qxd6 21. Rxd6 Be6 22. Rad1 f6 23. Rxe6 Rxe6 24. Rd8+ Kf7 25. Rxh8 Rd6 26. Nc3 Nf4 27. Bxf4 exf4 28. Rxh7+ Ke6 29. h4 b6 30. e5 fxe5 31. Ng5+ Kf5 32. f3 Rf6 33. Nce4 Rf8 34. Rc7 b5 35. Nh7 Rd8 36. Rf7+ Ke6 37. Nhg5+ Kd5 38. Rf6 bxa4 39. bxa4 Rb6 40. Rxg6 Rb2 41. Nf7 Rc8 42. Rd6+ Kc4 43. Nxe5+ Kb4 44. Rd4+ Ka3 45. Nc4+ Ka2 46. Nxb2 Kxb2 47. Rc4 Ka3 48. Kh2 Rh8 49. Kh3 Rh6 50. Kg4 Rg6+ 51. Kxf4 Rxg2 52. Ke3 Rh2 53. Rc5 Rxh4 54. Rxa5 Kb4 55. Rc5 Rh6 56. Rxc6 Rxc6 57. Nf2 Rxc2 58. Nd3+ Kxa4 59. f4 Kb5 60. Kd4 Re2 61. f5 Kc6 62. Nf4 Re1 63. f6 Kd7 64. f7 Ke7 65. Nd3 Re6 66. Ne5 Rf6 67. Kd5 Rf5 68. Ke4 Ke6 69. Nc6 Rf1 70. Ne5 Rf2 71. Kd4 Rf4+ 0-1


[Site "https://www.chess.com"]

[Event "Titled Tuesday Blitz May 10 Late 2022"]
[White "Danaci, Ege"]
[Black "Simonovic, Miroslav"]
[WhiteFideId "34506748"]
[BlackFideId "919152"]
[WhiteElo "1799"]
[BlackElo "2043"]
[Result "1-0"]
[Round "03"]
[TimeControl "180+1"]
[Date "2022.05.11"]
[WhiteClock "0:00:26"]
[BlackClock "0:00:01"]

1. e4 c5 2. Nc3 Nc6 3. g3 e5 4. Bg2 g6 5. d3 Bg7 6. f4 Nge7 7. Nh3 d6 8. O-O Bxh3 9. Bxh3 d5 10. fxe5 Nxe5 11. Bg5 dxe4 12. Nxe4 O-O 13. Kh1 f6 14. Nxf6+ Bxf6 15. Bxf6 Rxf6 16. Rxf6 Nf5 17. Rxf5 gxf5 18. Bxf5 Qf6 19. Be4 Rf8 20. Qh5 Ng6 21. Bg2 Qxb2 22. Re1 Qd4 23. Qd5+ Qxd5 24. Bxd5+ Kg7 25. Kg2 b6 26. c4 Rf6 27. h4 Kf8 28. h5 Ne7 29. g4 Nxd5 30. cxd5 Rd6 31. Re5 Kf7 32. Kf3 b5 33. Ke4 h6 34. Rf5+ Kg7 35. Rf1 a5 36. Ke5 Rd8 37. d6 b4 38. Ke6 Re8+ 39. Kd7 Re3 40. Rd1 1-0


[Site "https://www.chess.com"]

[Event "Titled Tuesday Blitz May 10 Late 2022"]
[White "Derraugh, Geordie"]
[Black "Dourerassou, Jonathan"]
[WhiteFideId "2603950"]
[BlackFideId "628050"]
[WhiteElo "2116"]
[BlackElo "2499"]
[Result "1-0"]
[Round "03"]
[TimeControl "180+1"]
[Date "2022.05.11"]
[WhiteClock "0:00:17"]
[BlackClock "0:01:29"]

1. e4 d5 2. exd5 Qxd5 3. Nf3 Qd8 4. Be2 Nf6 5. d4 Bg4 6. O-O e6 7. c4 c6 8. Nc3 Be7 9. Be3 O-O 10. Qb3 Qc7 11. h3 Bh5 12. Rfd1 Nbd7 13. Rac1 Rad8 14. d5 exd5 15. cxd5 Ne5 16. Nb5 Nxf3+ 17. Bxf3 Qe5 18. Bxh5 cxb5 19. Bf3 a6 20. a4 bxa4 21. Qxa4 Bd6 22. g3 Qf5 23. Kg2 Rc8 24. Qb3 b5 25. Rc6 Rfd8 26. Rxa6 h5 27. Qxb5 h4 28. Qd3 Qd7 29. Ra7 Rc7 30. Rxc7 Qxc7 31. gxh4 Nd7 32. Qf5 Ne5 33. Be4 Ng6 34. Bg5 Re8 35. Rc1 Qb7 36. Rc2 Re5 37. Qc8+ Qxc8 38. Rxc8+ Bf8 39. Bxg6 fxg6 40. d6 Rd5 41. Be7 Kf7 42. Rxf8+ Ke6 43. Rf3 g5 44. hxg5 g6 45. Rf6+ Kd7 46. Rxg6 Rd2 47. Rg8 Rd1 48. h4 Ke6 49. h5 Kf5 50. h6 Kg4 51. h7 Rd5 52. h8=Q Rf5 53. Qh3+ Kf4 54. Qe3+ Kg4 55. Qg3+ Kh5 56. Qh3# 1-0


[Site "https://www.chess.com"]

[Event "Titled Tuesday Blitz May 10 Late 2022"]
[White "Dilmukhametov, Artur"]
[Black "Wagner, Dennis"]
[WhiteFideId "24179922"]
[BlackFideId "24650684"]
[WhiteElo "2206"]
[BlackElo "2355"]
[Result "1-0"]
[Round "03"]
[TimeControl "180+1"]
[Date "2022.05.10"]
[WhiteClock "0:00:18"]
[BlackClock "0:00:29"]

1. e4 c5 2. Nf3 d6 3. Bb5+ Bd7 4. Bxd7+ Qxd7 5. O-O Nc6 6. c3 Nf6 7. d4 cxd4 8. cxd4 d5 9. e5 Ne4 10. Ne1 f6 11. f3 Ng5 12. Bxg5 fxg5 13. Nc3 e6 14. f4 Be7 15. fxg5 Bxg5 16. Qh5+ g6 17. Qxg5 Nxd4 18. Nd3 Rc8 19. Rf2 Nf5 20. Raf1 Qe7 21. Qd2 O-O 22. Nf4 Rc4 23. Nfxd5 Qc5 24. Nf6+ Kg7 25. Nce4 Qxe5 26. g4 Rxe4 27. Nxe4 Qxe4 28. gxf5 exf5 29. Rf4 Qe6 30. Qd4+ Rf6 31. Qxa7 g5 32. R4f2 f4 33. Qxb7+ Kg6 34. Qb3 Qg4+ 35. Rg2 Qf5 36. Qc2 h5 37. Rxf4 Qxc2 38. Rxf6+ Kxf6 39. Rxc2 1-0


[Site "https://www.chess.com"]

[Event "Titled Tuesday Blitz May 10 Late 2022"]
[White "Donchenko, Alexander"]
[Black "Aggelis, Nikolaos"]
[WhiteFideId "24603295"]
[BlackFideId "4213220"]
[WhiteElo "2572"]
[BlackElo "2154"]
[Result "0-1"]
[Round "03"]
[TimeControl "180+1"]
[Date "2022.05.10"]
[WhiteClock "0:00:46"]
[BlackClock "0:00:23"]

1. e4 c5 2. Nf3 e6 3. Nc3 Nc6 4. Bb5 Nd4 5. O-O Nxb5 6. Nxb5 a6 7. Nc3 b5 8. d4 cxd4 9. Qxd4 Qc7 10. Re1 Bb7 11. Bg5 f6 12. Bh4 Bc5 13. Qd2 Ne7 14. Bg3 Qb6 15. a4 b4 16. Nd1 Rd8 17. Ne3 Bxe4 18. Nc4 Qc6 19. Nd4 Qd5 20. Rad1 e5 21. Nb3 Qxc4 22. Nxc5 Qxc5 23. Rxe4 a5 24. Qd6 Qxd6 25. Rxd6 Nc6 26. f4 Ke7 27. fxe5 fxe5 28. Rd5 d6 29. Rb5 Ke6 30. Rb6 Rc8 31. c3 bxc3 32. bxc3 Rhf8 33. h3 Rf7 34. Rc4 Rfc7 35. Rb5 Ne7 36. Rxc7 Rxc7 37. Rxa5 Rxc3 38. Ra8 Rxg3 39. a5 Ra3 40. a6 Nc6 41. Rg8 Kf6 42. Rf8+ Ke6 43. Rg8 Rxa6 44. Rxg7 Ra7 45. Rg8 Rd7 46. Kf2 d5 47. Ke3 d4+ 48. Ke4 d3 49. Re8+ Kf6 50. Rc8 d2 51. Rxc6+ Ke7 0-1


[Site "https://www.chess.com"]

[Event "Titled Tuesday Blitz May 10 Late 2022"]
[White "Dreev, Aleksey"]
[Black "Dounis, Alexandros"]
[WhiteFideId "4100107"]
[BlackFideId "4213238"]
[WhiteElo "2625"]
[BlackElo "2204"]
[Result "1-0"]
[Round "03"]
[TimeControl "180+1"]
[Date "2022.05.10"]
[WhiteClock "0:00:18"]
[BlackClock "0:00:11"]

1. d4 Nf6 2. c4 g6 3. Nc3 d5 4. Nf3 Bg7 5. Bf4 O-O 6. Rc1 dxc4 7. e3 Be6 8. Ng5 Bd5 9. e4 h6 10. exd5 hxg5 11. Bxg5 Nxd5 12. Bxc4 Nb6 13. Bb3 Qxd4 14. Qxd4 Bxd4 15. Nb5 Bxb2 16. Rxc7 Na6 17. Rxe7 Rae8 18. Bxf7+ Rxf7 19. Rxe8+ Kg7 20. Re7 Nb4 21. Rxf7+ Kxf7 22. Ke2 Nxa2 23. Nxa7 Nc3+ 24. Kd3 Ncd5 25. Bd2 Nd7 26. Rb1 Ne5+ 27. Kc2 Bd4 28. Rxb7+ Kf6 29. f3 Bg1 30. h3 Nc4 31. Kd3 Nd6 32. Rh7 Nf7 33. Nc6 g5 34. h4 Kg6 35. Rxf7 Kxf7 36. Bxg5 Bh2 37. Ke4 Nc3+ 38. Kf5 Nb5 39. Bf4 Kg7 40. Bxh2 Kh6 41. g4 Nc3 42. Bf4+ Kh7 43. g5 Nd5 44. g6+ Kh8 45. Be5+ Kg8 46. Ke6 Nf4+ 47. Bxf4 Kg7 48. h5 Kf8 49. Be5 Ke8 50. h6 Kf8 51. h7 Ke8 52. h8=Q# 1-0


[Site "https://www.chess.com"]

[Event "Titled Tuesday Blitz May 10 Late 2022"]
[White "Estrada Nieto, Julian"]
[Black "Yedidia, Daniel"]
[WhiteFideId "5101018"]
[BlackFideId "30905907"]
[WhiteElo "2252"]
[BlackElo "2609"]
[Result "0-1"]
[Round "03"]
[TimeControl "180+1"]
[Date "2022.05.11"]
[WhiteClock "0:00:20"]
[BlackClock "0:00:27"]

1. e4 e5 2. Nf3 Nc6 3. Bb5 a6 4. Ba4 Nf6 5. O-O Be7 6. Re1 b5 7. Bb3 O-O 8. a4 b4 9. d4 d6 10. h3 Bb7 11. a5 Nd7 12. c3 bxc3 13. bxc3 exd4 14. cxd4 Rb8 15. Nc3 Bf6 16. Nd5 Re8 17. Nxf6+ Nxf6 18. Bg5 h6 19. Bh4 Nb4 20. Ra4 Bxe4 21. Qd2 Bxf3 22. Rxe8+ Qxe8 23. gxf3 Nbd5 24. Bc2 Qd7 25. Kh2 Nh5 26. Bg3 Nxg3 27. fxg3 Nf6 28. Ra1 Qc6 29. Re1 Qxf3 30. Qd3 Qf2+ 0-1


[Site "https://www.chess.com"]

[Event "Titled Tuesday Blitz May 10 Late 2022"]
[White "Federzoni, Enzo"]
[Black "Mangialardo, Tiago Carvalho"]
[WhiteFideId "2173301"]
[BlackFideId "2130718"]
[WhiteElo "1956"]
[BlackElo "2124"]
[Result "1-0"]
[Round "03"]
[TimeControl "180+1"]
[Date "2022.05.11"]
[WhiteClock "0:02:03"]
[BlackClock "0:00:05"]

1. c4 Nf6 2. Nc3 e6 3. e4 d5 4. e5 d4 5. exf6 dxc3 6. bxc3 Qxf6 7. Nf3 Bd6 8. d4 O-O 9. Bd3 Bf4 10. Ba3 Re8 11. Qe2 e5 12. O-O Bg4 13. Qe4 Qh6 14. g3 Bxf3 15. Qxf3 Bg5 16. Qxb7 Nd7 17. Qxc7 Nf6 18. dxe5 Ng4 19. h4 Bxh4 20. Qd6 Be7 21. Qxh6 Nxh6 22. Bxe7 Rxe7 23. f4 Ng4 24. Be4 Rc8 25. Bd5 Ne3 26. Rfb1 Nxc4 27. Bxc4 1-0


[Site "https://www.chess.com"]

[Event "Titled Tuesday Blitz May 10 Late 2022"]
[White "Fedoseev, Vladimir"]
[Black "Demchenko, Anton"]
[WhiteFideId "24130737"]
[BlackFideId "4160258"]
[WhiteElo "2726"]
[BlackElo "2539"]
[Result "1-0"]
[Round "03"]
[TimeControl "180+1"]
[Date "2022.05.10"]
[WhiteClock "0:00:09"]
[BlackClock "0:00:01"]

1. Nf3 Nf6 2. g3 g6 3. Bg2 Bg7 4. O-O O-O 5. c4 d6 6. d4 Nbd7 7. Nc3 e5 8. b3 Re8 9. Bb2 e4 10. Ne1 c6 11. Nc2 d5 12. cxd5 cxd5 13. f3 exf3 14. exf3 Nf8 15. Qd2 h5 16. Rae1 Ne6 17. f4 Nc7 18. Rxe8+ Qxe8 19. Ne3 Qd8 20. h3 b6 21. Rf2 Bb7 22. Qd3 Qd6 23. g4 hxg4 24. hxg4 Re8 25. Rf3 Ne4 26. g5 Ne6 27. Ne2 Nc7 28. Qd1 Ba6 29. Nc3 Qc6 30. Nxe4 dxe4 31. Rh3 Nd5 32. Nxd5 Qxd5 33. Qd2 Bc8 34. Re3 Bf5 35. Bf1 Qd6 36. Rg3 Rd8 37. Bc4 Bxd4+ 38. Bxd4 Qxd4+ 39. Qxd4 Rxd4 40. Rc3 Rd1+ 41. Kf2 Rd2+ 42. Ke3 Rxa2 43. Bd5 Ra5 44. Kd4 e3 45. Rxe3 Kf8 46. Rc3 Be6 47. Bxe6 fxe6 48. Rc7 Rf5 49. Ke4 Ra5 50. Rb7 Rb5 51. Rxa7 Kg8 52. Re7 Rxb3 53. Ke5 Rb4 54. Rxe6 Kg7 55. Re7+ Kf8 56. Rb7 Kg8 57. f5 gxf5 58. Kf6 Rc4 59. Rb8+ Kh7 60. g6+ 1-0


[Site "https://www.chess.com"]

[Event "Titled Tuesday Blitz May 10 Late 2022"]
[White "Gaisinsky, Adam"]
[Black "Araujo Sanchez, Josue"]
[WhiteFideId "2620561"]
[BlackFideId "6416896"]
[WhiteElo "1965"]
[BlackElo "2339"]
[Result "1-0"]
[Round "03"]
[TimeControl "180+1"]
[Date "2022.05.11"]
[WhiteClock "0:00:08"]
[BlackClock "0:00:50"]

1. d4 d5 2. Nf3 Nc6 3. Bf4 Bf5 4. e3 e6 5. Bb5 a6 6. Bxc6+ bxc6 7. O-O c5 8. c4 Bd6 9. dxc5 Bxc5 10. Nc3 Nf6 11. Qa4+ Qd7 12. Qxd7+ Kxd7 13. Ne5+ Ke7 14. cxd5 exd5 15. Rfd1 Ke6 16. Rac1 Bd6 17. Nc6 Bxf4 18. exf4 Kd6 19. Ne5 Be6 20. f3 c5 21. Ne4+ Nxe4 22. fxe4 d4 23. b4 cxb4 24. Rxd4+ Ke7 25. Rc7+ Kf6 26. g4 g5 27. Rxb4 gxf4 28. Nd3 Rhg8 29. h3 h5 30. e5+ Kg5 31. gxh5 Rad8 32. Nxf4 Kf5+ 33. Kf2 Rd2+ 34. Ke3 Rxa2 35. Nxe6 Rg3+ 36. Kd4 Rd2+ 37. Kc5 fxe6 38. h6 Rxh3 39. h7 Kxe5 40. Rc4 Rdh2 41. Rc6 Rxh7 42. Rxa6 Rc7+ 43. Kb4 Rb7+ 44. Kc3 Rh3+ 45. Kd2 Rb2+ 46. Kc1 Rg2 47. Rc2 Rh1+ 48. Kb2 Rg4 49. Re2+ Kd5 50. Raxe6 Rb4+ 51. Kc2 Rc4+ 52. Kd2 Rd4+ 53. Kc2 Rc4+ 54. Kd2 Rd4+ 55. Kc2 Rc1+ 56. Kxc1 Rc4+ 57. Kd2 Rd4+ 58. Ke1 Rg4 59. R2e5+ Kd4 60. Re2 Kd3 61. Rd6+ Kc4 62. Rc2+ Kb3 63. Rc7 Rg1+ 64. Kf2 Rd1 65. Rb6+ Ka4 66. Ra7# 1-0


[Site "https://www.chess.com"]